 Dungeon Crawl Stone Soup version 0.32-a0-361-g289a535e89 (webtiles) character file.

Game seed: 11667648823781361423

301 Sobieck the Slasher (level 6, -1/47 HPs)
             Began as a Coglin Gladiator on Feb 18, 2024.
             Slain by Eustachio
             ... wielding a +1 rapier of holy wrath
              (6 damage)
             ... on level 4 of the Dungeon.
             The game lasted 00:03:14 (3214 turns).

Sobieck the Slasher (Coglin Gladiator)              Turns: 3214, Time: 00:03:14

Health: -1/47      AC:  4    Str: 14    XL:     6   Next: 37%
Magic:  6/6        EV: 13    Int:  7    God:
Gold:   166        SH:  0    Dex: 18    Spells: 5/5 levels left

rFire   . . .        a - +0 long sword {Qinisela}
rCold   . . .        h - +0 dagger {Ana}
rNeg    . . .        b - +0 leather armour
rPois   .            c - +0 helmet
rElec   .            (no cloak)
rCorr   .            (no gloves)
SInv    .            (no boots)
Will    .....        (no amulet)
Stlth   +            (no ring)
HPRegen 0.27/turn    (no ring)
MPRegen 0.10/turn

%: no passive effects
@: revved, stiff-legged, very slow
A: off-hand wielding, slow wielding, warmup strikes, warmup strides
a: no special abilities


You were on level 4 of the Dungeon.
You visited 1 branch of the dungeon, and saw 4 of its levels.

You collected 166 gold pieces.

Inventory:

Hand Weapons
 a - a +0 long sword (weapon) {Qinisela}
 f - a +0 short sword
 h - a +0 dagger (worn) {Ana}
Missiles
 j - 57 stones
 t - a boomerang
 v - a javelin (quivered)
 Z - 3 throwing nets
Armour
 b - a +0 leather armour (worn)
 c - a +0 helmet (worn)
Magical Staves
 l - a staff of death
Wands
 I - a wand of iceblast (8)
 P - a wand of paralysis (12)
Scrolls
 d - 2 scrolls of poison {unknown}
 i - a scroll of amnesia {unknown}
 m - a scroll of fog {unknown}
 n - a scroll of teleportation {unknown}
 o - a scroll of enchant weapon {unknown}
 p - a scroll of brand weapon {unknown}
Potions
 e - a potion of invisibility {unknown}
 k - a potion of might {unknown}
 Q - a potion of curing


   Skills:
 + Level 3.6 Fighting
 * Level 5.3 Long Blades
 - Level 1.7 Throwing
 + Level 3.9 Dodging


You had 5 spell levels left.
You didn't know any spells.
Your spell library contained the following spells:

 Spells                   Type           Power      Damage    Failure   Level
 Call Imp                 Summ           0%         N/A       65%         2
 Ensorcelled Hibernation  Hex/Ice        0%         N/A       65%         2
 Sublimation of Blood     Necr           0%         N/A       65%         2
 Passwall                 Erth           0%         N/A       87%         3
 Swiftness                Air            0%         N/A       87%         3
 Summon Hydra             Summ           0%         N/A       100%        7


Dungeon Overview and Level Annotations

Branches:
Dungeon (4/15)
 Temple: D:4-7

Altars:
Ashenzari
Wu Jian

Annotations:
D:4 Eustachio


Innate Abilities, Weirdness & Mutations

You can wield a second weapon in your off-hand.
It takes a long time for you to wield or remove held weapons.
Your first few attacks do less damage.
Your first movements take longer.


Message History

Eustachio is moderately wounded.
You hit Eustachio but do no damage. The bat closely misses you.
Eustachio hits you with a +1 rapier of holy wrath.
The kobold closely misses you. The goblin closely misses you.
You barely miss Eustachio with your +0 dagger.
Eustachio is moderately wounded.
You hit Eustachio but do no damage. The bat barely misses you.
The river rat barely misses you. Eustachio completely misses you.
The kobold hits you but does no damage. The goblin closely misses you.
You barely miss Eustachio with your +0 long sword.
Eustachio is moderately wounded.
You hit Eustachio with your +0 dagger. The bat completely misses you.
The river rat bites you! The river rat bites you.
* * * LOW HITPOINT WARNING * * *
A ball python comes into view.
Eustachio closely misses you. The kobold hits you with a +0 dagger.
* * * LOW HITPOINT WARNING * * *
The goblin hits you with a +0 club.
* * * LOW HITPOINT WARNING * * *
Unknown command.
You hit Eustachio with your +0 long sword.
Eustachio is heavily wounded.
You completely miss Eustachio with your +0 dagger.
The bat barely misses you. The river rat bites you.
* * * LOW HITPOINT WARNING * * *
The river rat bites you but does no damage.
Eustachio misses you. The kobold closely misses you.
The goblin closely misses you.
Unknown command.
You closely miss Eustachio with your +0 long sword.
Eustachio is heavily wounded.
You hit Eustachio with your +0 dagger.
The crimson imp disappears in a puff of smoke!
The bat hits you but does no damage. The river rat bites you.
* * * LOW HITPOINT WARNING * * *
The river rat barely misses you.
Eustachio hits you with a +1 rapier of holy wrath.
* * * LOW HITPOINT WARNING * * *
The kobold misses you. The goblin hits you with a +0 club.
* * * LOW HITPOINT WARNING * * *
You slash Eustachio with your +0 long sword!
Eustachio is severely wounded.
You barely miss Eustachio with your +0 dagger.
The bat misses you. The river rat bites you.
* * * LOW HITPOINT WARNING * * *
The river rat bites you.
* * * LOW HITPOINT WARNING * * *
Eustachio hits you with a +1 rapier of holy wrath.
You die...
Eustachio says, "Such is the fate of all honourless rascals."

##...............##..
#.................#.. ##
#.................... .)#
#....................
...##....................
........................
#......................
#....br...........#...
#....@r...............
#...gK@..............#
#....................#
###..............#....
##.S...........
..............
......#........
.......####..... .......#
#....


You could see Eustachio, 2 river rats, a goblin, a bat (summoned), a ball python
and a kobold.

Vanquished Creatures
  A scorpion (D:4)
  A bombardier beetle (D:3)
  A sleepcap (D:4)
  Ijyb (D:4)
  3 gnolls (D:3)
  4 adders
  A ribbon worm (D:2)
  2 orcs (D:3)
  A ball python (D:1)
  7 endoplasms
  2 giant cockroaches
  9 goblins
  8 hobgoblins
  6 kobolds
  6 bats
  4 rats
57 creatures vanquished.

Notes
Turn   | Place    | Note
-------+----------+-------------------------------------------
     0 | D:1      | Sobieck the Coglin Gladiator began the quest for the Orb.
     0 | D:1      | Reached XP level 1. HP: 16/16 MP: 1/1
   155 | D:1      | Reached XP level 2. HP: 22/22 MP: 2/2
   453 | D:1      | Reached XP level 3. HP: 28/28 MP: 3/3
   454 | D:1      | Reached skill level 3 in Dodging
  1584 | D:2      | Reached skill level 4 in Long Blades
  1584 | D:2      | Reached XP level 4. HP: 34/34 MP: 4/4
  2225 | D:3      | Found an ornate altar of the Wu Jian Council.
  2225 | D:3      | Found a broken altar of Ashenzari.
  2271 | D:3      | Reached skill level 3 in Fighting
  2316 | D:3      | Reached XP level 5. HP: 39/41 MP: 5/5
  3051 | D:4      | Reached skill level 5 in Long Blades
  3051 | D:4      | Reached XP level 6. HP: 47/47 MP: 6/6
  3098 | D:4      | Noticed Ijyb
  3110 | D:4      | Killed Ijyb
  3194 | D:4      | Noticed Eustachio
  3214 | D:4      | Slain by Eustachio

Illustrated notes

Levels and vault maps discovered:
D:1:      dpeg_arrival_circle_labyrinth_c, layout_basic, kennysheep_boxes
D:2:      layout_basic
D:3:      layout_basic, gammafunk_temple_overflow_elements
D:4:      layout_cave_pods, nicolae_ossuary_entry_catacombs, uniq_eustachio,
          uniq_ijyb

Skill      XL: |  1  2  3  4  5 |
---------------+----------------+-----
Dodging        | 3 |  3.9
Long Blades    | 4 5 |  5.3
Fighting       | 3 |  3.6
Throwing       | |  1.7

Action                     |  1- 3 |  4- 6 || total
---------------------------+-------+-------++-------
  Melee: Long sword        |    58 |    75 ||   133
         Dagger            |    22 |    71 ||    93
    Use: Potion            |       |     1 ||     1
   Stab: Sleeping          |     1 |     2 ||     3
 Armour: Leather armour    |    43 |    58 ||   101
  Dodge: Dodged            |    72 |    64 ||   136

Table legend: (Time is in decaauts)
 A = Elapsed time spent in this place.
 B = Non-inter-level travel time spent in this place.
 C = Inter-level travel time spent in this place.
 D = Time resting spent in this place.
 E = Time spent auto-exploring this place.
 F = Levels seen in this place.
 G = Mean time per level.
                   A        B        C        D        E       F      G
               +--------+--------+--------+--------+--------+-----+--------+
         Total |   3354 |   3283 |     71 |     33 |   2825 |   4 |  838.5 |
       Dungeon |   3354 |   3283 |     71 |     33 |   2825 |   4 |  838.5 |
               +--------+--------+--------+--------+--------+-----+--------+

Top non-repeatable levels by time:
     D:1: 1297 daAuts
     D:3: 1037 daAuts
     D:2: 835 daAuts
     D:4: 183 daAuts
